 Dungeon Crawl Stone Soup version 0.16-a0-2296-gdce89d5 (webtiles) character file.

419 smajdalf the Ruffian (level 6, -2/48 HPs)
             Began as a Ghoul Warper on Nov 16, 2014.
             Slain by an orc priest (5 damage)
             ... on level 4 of the Dungeon.
             The game lasted 00:14:00 (4049 turns).

smajdalf the Ruffian (Ghoul Warper)                 Turns: 4049, Time: 00:14:00

Health: -2/48      AC:  5    Str: 15    XL:     6   Next: 93%
Magic:  8/8        EV: 14    Int: 10    God:
Gold:   197        SH:  0    Dex: 13    Spells: 1 memorised, 7 levels left

rFire  . . .     SeeInvis .       - Unarmed
rCold  + . .     Clarity  +     b - +0 ring mail
rNeg   + + +     SustAb   .     (no shield)
rPois  +         Gourm    .     (no helmet)
rElec  .         Spirit   .     (no cloak)
rCorr  .         Warding  .     (no gloves)
rMut   .         NoTele   +     (no boots)
MR     +....                    s - amulet of the Shining One's Envy {Clar -Tele MR+}
Stlth  ++........               (no ring)
                                (no ring)

@: agile, rotting, somewhat resistant to hostile enchantments, unstealthy
A: rotting body, claws 1, carnivore 3, cold resistance 1, negative energy
resistance 3, poison resistance, slow healing 1, torment resistance, unbreathing
a: no special abilities


You were on level 4 of the Dungeon.
You were not hungry.

You visited 1 branch of the dungeon, and saw 4 of its levels.
You also visited: Sewer.

You collected 197 gold pieces.

Inventory:

Missiles
 e - 5 tomahawks of dispersal (quivered)
Armour
 b - a +0 ring mail (worn)
Magical staves
 g - an uncursed staff of air
Jewellery
 a - an uncursed amulet of regeneration
 s - the amulet of the Shining One's Envy (around neck) {Clar -Tele MR+}
   (You found it in a sewer)

   [amulet of clarity]

   It provides mental clarity.
   It affects your resistance to hostile enchantments.
   It prevents most forms of teleportation.
Scrolls
 d - 2 scrolls of blinking
 f - a scroll of identify
 i - a scroll of noise {unknown}
 n - a scroll of magic mapping
 o - a scroll of teleportation
 q - a scroll of random uselessness {unknown}
Potions
 j - a potion of cancellation
 l - a potion of might
 r - a potion of degeneration {unknown}
Books
 c - a book of Spatial Translocations

   Spells                             Type                      Level
   *Apportation                       Translocation                1
   Blink                              Translocation                2
   Shroud of Golubria                 Charms/Translocation         2
   Portal Projectile                  Translocation                3
   Teleport Other                     Translocation                3
   Passage of Golubria                Translocation                4
Comestibles
 k - a meat ration
 m - a chunk of flesh


   Skills:
 - Level 2.1 Fighting
 - Level 0.8 Throwing
 - Level 0.8 Armour
 - Level 1.7 Dodging
 + Level 7.9 Unarmed Combat
 - Level 1.7 Spellcasting
 - Level 2.6 Translocations


You had 7 spell levels left.
You knew the following spells:

 Your Spells              Type           Power        Failure   Level  Hunger
a - Apportation           Tloc           #.........   14%         1    ##.....


Dungeon Overview and Level Annotations

Branches:
Dungeon (4/15)
 Temple: D:4-7

Altars:

Annotations:
D:4 ztt's ghost, experienced MiFi


Innate Abilities, Weirdness & Mutations

Your body is rotting away.
You thrive on raw meat.
You have sharp fingernails.
You are carnivorous and can eat meat at any time.
Your flesh is cold resistant.
You are immune to negative energy.
Your system is resistant to poisons.
You heal slowly when monsters are visible.
You are immune to unholy pain and torment.
You can survive without breathing.


Message History

The orc wizard gestures at you while chanting.
The magic dart hits you!
* * * LOW HITPOINT WARNING * * *
The orc priest completely misses you.
Unknown command.
Drink which item? (? for menu, Esc to quit)
You feel better. The orc wizard casts a spell at you. The magic dart hits you!
* * * LOW HITPOINT WARNING * * *
The orc priest hits you but does no damage.
The orc wizard splashes around in the water.
Read which item? (? for menu, Esc to quit)
Okay, then.
Drink which item? (? for menu, Esc to quit)
You feel agile all of a sudden.
It was a potion of agility.
The orc priest is no longer bleeding.
The orc wizard splashes around in the water.
The orc priest hits you.
You die...

.# ### . ..? #..
.. ##.###.## ....
##...#...###....
#............#
#.#######.#
#.#≈≈oo≈#.# ##
#.#≈≈@)≈'.## ..
#?.#≈≈≈≈≈#..# .#
#..#######..# .#
#...........##.##
#.####%.>....<..#
# ....##.####..#
##.##?# ..#
#(##.# #.# #.##.#
.#


You could see an orc priest and an orc wizard.

Vanquished Creatures
  Purgy (Sewer)
  A giant frog (D:3)
  A worker ant (D:3)
  An orc wizard (D:4)
  Ijyb (D:3)
  6 adders
  3 giant mites
  5 worms
  3 giant geckos
  3 orcs
  6 giant cockroaches
  12 goblins
  9 hobgoblins
  10 kobolds
  A quokka (D:3)
  A ball python (D:1)
  12 bats
  4 giant newts
  4 jackals (D:2)
  5 rats
89 creatures vanquished.

Notes
Turn   | Place    | Note
--------------------------------------------------------------
     0 | D:1      | smajdalf, the Ghoul Warper, began the quest for the Orb.
     0 | D:1      | Reached XP level 1. HP: 17/17 MP: 2/2
   216 | D:1      | Reached skill level 3 in Unarmed Combat
   216 | D:1      | Reached XP level 2. HP: 24/24 MP: 3/3
   524 | D:1      | Reached XP level 3. HP: 27/29 MP: 5/5
  1076 | D:2      | Reached skill level 4 in Unarmed Combat
  1293 | D:2      | Reached XP level 4. HP: 32/36 MP: 5/5
  1439 | D:2      | Reached skill level 5 in Unarmed Combat
  2601 | D:3      | Reached XP level 5. HP: 33/39 MP: 6/6
  2761 | D:3      | Noticed Ijyb
  2774 | D:3      | Killed Ijyb
  3134 | D:3      | Reached skill level 6 in Unarmed Combat
  3334 | D:3      | Reached XP level 6. HP: 39/48 MP: 8/8
  3691 | D:4      | Noticed ztt's ghost (experienced MiFi)
  3699 | D:3      | Reached skill level 7 in Unarmed Combat
  3783 | D:4      | Found a glowing drain.
  3815 | Sewer    | Entered a sewer
  3981 | Sewer    | Noticed Purgy
  3989 | Sewer    | Killed Purgy
  3993 | Sewer    | Got a slimy steel amulet
  3998 | Sewer    | Identified the amulet of the Shining One's Envy {Clar -Tele MR+} (You found it in a sewer)
  4049 | D:4      | Slain by an orc priest

Action                   |  1- 3 |  4- 6 || total
-------------------------+-------+-------++-------
Melee: Unarmed           |   139 |   255 ||   394
  Use: Scroll            |       |     3 ||     3
       Potion            |       |     7 ||     7
  Eat: Chunk             |    12 |    23 ||    35
